 Dungeon Crawl Stone Soup version 0.21.0-24-g2553a33 (webtiles) character file.

507 Monsterracer the Conjurer (level 7, 0/36 HPs)
             Began as a Tengu Earth Elementalist on Jan 21, 2018.
             Slain by Pikel
             ... wielding a +1 whip of flaming
              (6 damage)
             ... on level 4 of the Dungeon.
             The game lasted 00:06:16 (4366 turns).

Monsterracer the Conjurer (TeEE)                    Turns: 4366, Time: 00:06:16

Health: 0/36       AC:  3    Str:  8    XL:     7   Next: 18%
Magic:  0/13       EV: 13    Int: 17    God:
Gold:   280        SH:  0    Dex: 15    Spells: 7/13 levels left

rFire    . . .     SeeInvis +   a - +0 spear
rCold    . . .     Gourm    .   (no shield)
rNeg     . . .     Faith    .   d - +0 robe
rPois    +         Spirit   .   (helmet restricted)
rElec    .         Reflect  .   h - +0 cloak (curse)
rCorr    .         Harm     .   (no gloves)
MR       .....                  (boots unavailable)
Stlth    ++........             (no amulet)
HPRegen  0.12/turn              u - ring of poison resistance {!d}
MPRegen  0.13/turn              C - ring of see invisible

@: no status effects
A: beak, talons 3, able to fly 1
a: Fly


You were on level 4 of the Dungeon.
You were not hungry.

You visited 1 branch of the dungeon, and saw 4 of its levels.

You collected 280 gold pieces.

Inventory:

Hand Weapons
 a - a +0 spear (weapon)
 b - a +0 hunting sling
Missiles
 e - 29 sling bullets
 q - 153 stones (quivered)
Armour
 d - a +0 robe (worn)
 h - a cursed +0 cloak (worn)
 v - a +0 buckler
Jewellery
 j - an uncursed ring of fire
 u - a ring of poison resistance (left hand) {!d}
 C - a ring of see invisible (right hand)
Wands
 x - a wand of flame (46)
 y - a wand of paralysis (15)
 z - a wand of disintegration (18)
Scrolls
 g - 2 scrolls of fear {unknown}
 i - 5 scrolls of remove curse {unknown}
 k - a scroll of enchant weapon {unknown}
 l - 2 scrolls of immolation {unknown}
 n - a scroll of amnesia {unknown}
 o - 5 scrolls of identify {unknown}
 p - 4 scrolls of teleportation {unknown}
Potions
 f - 2 potions of invisibility {unknown}
 m - 6 potions of curing {unknown}
 r - a potion of degeneration {unknown}
 s - a potion of mutation {unknown}
 t - 2 potions of might {unknown}
 w - 3 potions of cancellation {unknown}
 B - a potion of flight {unknown}
Comestibles
 c - 11 rations
 A - a chunk of flesh


   Skills:
 - Level 2.1 Dodging
 - Level 2.0 Stealth
 + Level 3.9 Spellcasting
 * Level 5.9 Conjurations
 - Level 0.7 Transmutations
 + Level 3.8 Earth Magic


You had 7 spell levels left.
You knew the following spells:

 Your Spells              Type           Power        Failure   Level  Hunger
a - Sandblast             Erth           ###...       3%          1    None
c - Stone Arrow           Conj/Erth      ###...       6%          3    ###....
x - Passwall              Tmut/Erth      ##........   10%         2    ##.....


Dungeon Overview and Level Annotations

Branches:
Dungeon (4/15)
 Temple: D:4-7

Altars:
Okawaru
Uskayaw
Zin

Annotations:
D:4 Pikel


Innate Abilities, Weirdness & Mutations

You have a beak for a mouth.
You have claws for feet.
You can fly.


Message History

Press: ? - help, Dir - move target cursor, f - giant cockroach
Aim: a giant cockroach (resting)
You reach to attack!
The helpless giant cockroach fails to defend itself.
You hit the giant cockroach but do no damage.
You hit the giant cockroach but do no damage.
You claw the giant cockroach. Your peck misses the giant cockroach.
The giant cockroach is moderately wounded.
The giant cockroach bites you but does no damage.
The giant cockroach bites you.
You take 1 damage, and have 35/36 hp.
You hit the giant cockroach.
You kill the giant cockroach!
No target in view!
Put on which piece of jewellery? (? for menu, Esc to quit)
u - a ring of poison resistance (left hand)
c - 11 rations (gained 1)
C - an encrusted pearl ring Health restored: 36
Found a stone staircase leading down.
Put on which piece of jewellery? (? for menu, Esc to quit)
C - a ring of see invisible (right hand)
q - 154 stones (gained 10)
A slave comes into view.
You see here a wand of flame (14).
A slave is nearby!
x - a wand of flame (46) (gained 14 charges)
A slave and Pikel come into view.
Pikel is wielding a whip of flaming.
A slave comes into view.
The slave shouts!
Pikel shouts!
The slave shouts!
A slave comes into view.
The slave shouts!
Found a glowing plate armour.
You hit the slave but do no damage. You claw the slave.
The slave is lightly wounded.
The slave closely misses you.
You hit the slave but do no damage.
The slave is lightly wounded.
The slave hits you.
You take 5 damage, and have 31/36 hp.
You hit the slave but do no damage. Your peck misses the slave.
The slave is lightly wounded.
The slave hits you.
You take 1 damage, and have 30/36 hp.
Pikel zaps a wand.
You are blasted!
* * * LOW HITPOINT WARNING * * *
It is a wand of disintegration (13).
You take 15 damage, and have 16/36 hp.
MASSIVE DAMAGE!!
Casting: Sandblast
Confirm with . or Enter, or press ? or * to list all spells.
Aiming: Stone Arrow
Press: ? - help, Shift-Dir - straight line, f - Pikel
Aim: Pikel, wielding a whip of flaming, wearing a robe and carrying a wand of disintegration (13)
The stone arrow hits Pikel.
Pikel is lightly wounded.
You now have 10/13 mp.
Casting: Stone Arrow
Confirm with . or Enter, or press ? or * to list all spells.
Aiming: Stone Arrow
Press: ? - help, Shift-Dir - straight line, f/p - Pikel
Aim: Pikel, wielding a whip of flaming, wearing a robe and carrying a wand of disintegration (13) (lightly wounded)
The stone arrow hits Pikel.
Pikel is moderately wounded.
You now have 7/13 mp.
Casting: Stone Arrow
Confirm with . or Enter, or press ? or * to list all spells.
Aiming: Stone Arrow
Press: ? - help, Shift-Dir - straight line, f/p - Pikel
Aim: Pikel, wielding a whip of flaming, wearing a robe and carrying a wand of disintegration (13) (moderately wounded)
The stone arrow hits Pikel.
Pikel is moderately wounded.
The slave shouts!
Pikel zaps a wand.
You are blasted!
* * * LOW HITPOINT WARNING * * *
You take 5 damage, and have 11/36 hp.
You now have 4/13 mp.
Casting: Stone Arrow
Confirm with . or Enter, or press ? or * to list all spells.
Aiming: Stone Arrow
Press: ? - help, Shift-Dir - straight line, f/p - Pikel
Aim: Pikel, wielding a whip of flaming, wearing a robe and carrying a wand of disintegration (12) (moderately wounded)
The stone arrow hits Pikel.
Pikel is heavily wounded.
Pikel zaps a wand.
You are blasted!
* * * LOW HITPOINT WARNING * * *
You take 5 damage, and have 6/36 hp.
You now have 1/13 mp.
Casting: Stone Arrow
Confirm with . or Enter, or press ? or * to list all spells.
Aiming: Sandblast
Press: ? - help, Shift-Dir - straight line, f/p - Pikel
Aim: Pikel, wielding a whip of flaming, wearing a robe and carrying a wand of disintegration (11) (heavily wounded)
The blast of sand hits Pikel.
Pikel is severely wounded.
q - 153 stones You now have 0/13 mp.
Evoke which item? (* to show all) (? for menu, Esc to quit)
Aiming: Disintegrate
Press: ? - help, Shift-Dir - straight line, f/p - Pikel
Aim: Pikel, wielding a whip of flaming, wearing a robe and carrying a wand of disintegration (11) (severely wounded, chance to defeat MR: 65%) Pikel struggles to resist.
Pikel hits you with a whip of flaming.
You die...

#....# .. #....# ... #....# ....
#....########.p...
#.......pp..p...#
#..pp#######.##... #....# ...
##.Kp.#... ##.# #####.@..p..##
.##..#.. ##........#####.....#...
##########.....##### ##.#^#.....
............###########..........
...............##..........#.....
..............>........##........
................#................
................(...รท..........#.
##########.......................


You could see Pikel and 4 slaves.

Vanquished Creatures
  2 ogres
  A hound (D:4)
  Terence (D:3)
  An iguana (D:3)
  Natasha (thrice) (D:3)
  A worker ant (D:4)
  4 adders
  2 oozes
  A worm (D:2)
  5 dart slugs
  4 leopard geckos
  7 orcs
  7 bats
  6 giant cockroaches
  22 goblins
  6 hobgoblins
  2 jackals (D:1)
  2 quokkas (D:3)
  6 frilled lizards
  6 kobolds
  A leopard gecko skeleton (D:4)
  13 rats
103 creatures vanquished.

Notes
Turn   | Place    | Note
-------+----------+-------------------------------------------
     0 | D:1      | Monsterracer the Tengu Earth Elementalist began the quest for the Orb.
     0 | D:1      | Reached XP level 1. HP: 10/10 MP: 4/4
   131 | D:1      | Reached XP level 2. HP: 11/15 MP: 3/6
   135 | D:1      | HP: 7/15 [frilled lizard (2)]
   139 | D:1      | HP: 3/15 [kobold/short sword (4)]
   140 | D:1      | HP: 1/15 [kobold/short sword (2)]
   489 | D:1      | Learned a level 2 spell: Passwall
   661 | D:1      | Reached XP level 3. HP: 15/19 MP: 1/7
   673 | D:1      | Learned a level 3 spell: Stone Arrow
  1177 | D:2      | Reached skill level 1 in Conjurations
  1341 | D:2      | Reached XP level 4. HP: 24/24 MP: 5/9
  1387 | D:2      | Reached skill level 2 in Conjurations
  2282 | D:3      | Gained mutation: You can fly. [Tengu growth]
  2282 | D:3      | Reached XP level 5. HP: 28/28 MP: 2/10
  2357 | D:3      | Found a glowing silver altar of Zin.
  2383 | D:3      | Reached skill level 3 in Conjurations
  2516 | D:3      | Noticed an ogre
  2538 | D:3      | Killed an ogre
  2538 | D:3      | Reached skill level 4 in Conjurations
  2712 | D:3      | Noticed Natasha
  2713 | D:3      | Found a hide-covered altar of Uskayaw.
  2717 | D:3      | Killed Natasha
  2717 | D:3      | Reached XP level 6. HP: 32/32 MP: 3/12
  2947 | D:3      | Noticed Natasha
  2949 | D:3      | Killed Natasha
  3038 | D:3      | Noticed Natasha
  3042 | D:3      | Killed Natasha
  3184 | D:3      | Noticed Terence
  3188 | D:3      | Killed Terence
  3188 | D:3      | Reached skill level 5 in Conjurations
  3593 | D:3      | Found an iron altar of Okawaru.
  4130 | D:4      | Reached XP level 7. HP: 36/36 MP: 0/13
  4343 | D:4      | Noticed Pikel
  4360 | D:4      | HP: 16/36 [disintegration (15)]
  4364 | D:4      | HP: 6/36 [disintegration (6)]
  4366 | D:4      | Slain by Pikel

Skill      XL: |  1  2  3  4  5  6 |
---------------+-------------------+-----
Conjurations   | 1 2 4 5 |  5.9
Earth Magic    | 3 |  3.8
Spellcasting   | 3 |  3.9
Dodging        | |  2.1
Stealth        | |  2.0
Transmutations | |  0.7

Action                   |  1- 3 |  4- 6 |  7- 9 || total
-------------------------+-------+-------+-------++-------
Melee: Unarmed           |     5 |       |       ||     5
       Short sword       |    23 |    29 |       ||    52
       Kick              |     5 |    17 |     2 ||    24
       Spear             |       |    70 |     6 ||    76
       Peck              |       |     5 |       ||     5
 Cast: Sandblast         |    32 |    43 |     4 ||    79
       Stone Arrow       |     1 |    24 |     5 ||    30
Evoke: Wand              |       |       |     1 ||     1
 Stab: Distracted        |     1 |     1 |       ||     2
       Sleeping          |     3 |     5 |     1 ||     9
  Eat: Chunk             |     2 |    11 |     1 ||    14
Armor: Robe              |    10 |    16 |     1 ||    27
Dodge: Dodged            |    37 |    73 |     3 ||   113

Vault maps used:
D:1:      minmay_arrival_shattered_statue
D:3:      kennysheep_okawaru_gauntlet, zin_academy, lemuel_crystal_altar,
          st_stairs_10, minmay_ogre_servants, uniq_terence, uniq_natasha
D:4:      elyvilon_altar_4, uniq_pikel
